 Dungeon Crawl Stone Soup version 0.32-a0-814-g0968bab981 (webtiles) character file.

Game seed: 14024842737326390954

135 gimp the Conjurer (level 5, 0/35 HPs)
             Began as a Barachi Earth Elementalist on Mar 23, 2024.
             Slain by a killer bee (3 damage)
             ... on level 4 of the Dungeon.
             The game lasted 00:02:18 (2735 turns).

gimp the Conjurer (Barachi Earth Elementalist)      Turns: 2735, Time: 00:02:18

Health: 0/35       AC:  3    Str:  9    XL:     5   Next: 18%
Magic:  2/9        EV: 11    Int: 18    God:
Gold:   119        SH:  0    Dex: 12    Spells: 6/10 levels left

rFire   . . .        a - +0 dagger
rCold   . . .        (no shield)
rNeg    . . .        c - +0 robe
rPois   .            e - +0 helmet
rElec   .            (no cloak)
rCorr   .            (no gloves)
SInv    +            (no boots)
Will    .....        (no amulet)
Stlth   ++           g - ring of see invisible
HPRegen 0.25/turn    (no ring)
MPRegen 0.11/turn

%: no passive effects
@: lethally poisoned (0 -> -6), slow
A: amphibious, slowness 1, strong legs 1, +LOS
a: Hop


You were on level 4 of the Dungeon.
You visited 1 branch of the dungeon, and saw 4 of its levels.

You collected 119 gold pieces.

Inventory:

Hand Weapons
 a - a +0 dagger (weapon)
Armour
 c - a +0 robe (worn)
 e - a +0 helmet (worn)
Magical Staves
 b - a staff of death
Jewellery
 g - a ring of see invisible (left hand)
 l - a ring of ice
 q - a ring of fire
 t - a ring of wizardry
Wands
 n - a wand of roots (7)
 r - a wand of flame (21)
Scrolls
 d - a scroll of fog {unknown}
 f - 2 scrolls of revelation {unknown}
 h - a scroll of blinking {unknown}
 j - 2 scrolls of enchant armour {unknown}
 m - a scroll of identify {unknown}
 p - a scroll of immolation {unknown}
 u - a scroll of enchant weapon {unknown}
Potions
 i - 2 potions of curing
 k - 2 potions of magic
 o - a potion of mutation {unknown}
 s - a potion of ambrosia {unknown}
 v - a potion of invisibility {unknown}


   Skills:
 - Level 2.1 Dodging
 - Level 1.7 Stealth
 + Level 3.2 Spellcasting
 * Level 3.8 Conjurations
 + Level 3.7 Earth Magic


You had 6 spell levels left.
You knew the following spells:

 Your Spells              Type           Power      Damage    Failure   Level
a - Sandblast             Erth           32%        2d9       3%          1
b - Stone Arrow           Conj/Erth      32%        3d9       10%         3

Your spell library contained the following spells:

 Spells                   Type           Power      Damage    Failure   Level
 Passwall                 Erth           16%        N/A       10%         3
 Brom's Barrelling Bould  Conj/Erth      16%        2d4       32%         4
 Volatile Blastmotes      Fire/Tloc      4%         2d10      43%         3
 Petrify                  Alch/Erth      9%         N/A       58%         4
 Bombard                  Conj/Erth      8%         9d2       99%         6


Dungeon Overview and Level Annotations

Branches:
Dungeon (4/15)
 Temple: D:4-7

Altars:
Gozag

Annotations:
D:3 1 runed translucent door, Crazy Yiuf, Grinder


Innate Abilities, Weirdness & Mutations

You are amphibious.
You cover ground slowly.
You can hop short distances.
You have an extended range of vision and can be seen from far away.


Message History

You now have 5/8 mp.
Casting: Sandblast (safe; 3% risk of failure)
Confirm with . or Enter, or press ? or * to list all spells.
You can't see any susceptible monsters within range! (Use Z to cast anyway.)
Things that are here:
a +0 club; a +0 scale mail Magic restored. 2 killer bees come into view.
The killer bee buzzes angrily. x2
A killer bee comes into view.
MP restored: 8
There are monsters nearby!
There are monsters nearby!
The killer bee misses you.
Casting: Sandblast (safe; 3% risk of failure)
Confirm with . or Enter, or press ? or * to list all spells.
Aiming: Sandblast (safe; 3% risk of failure)
Press: ? - help, Shift-Dir - straight line, f - killer bee
Aim: a killer bee (63% to hit)
The blast of sand hits the killer bee but does no damage.
The killer bee stings you. The killer bee barely misses you.
The killer bee completely misses you.
You take 6 damage, and have 24/30 hp.
You now have 7/8 mp.
Casting: Sandblast (safe; 3% risk of failure)
Confirm with . or Enter, or press ? or * to list all spells.
Aiming: Sandblast (safe; 3% risk of failure)
Press: ? - help, Shift-Dir - straight line, f/p - killer bee
Aim: a killer bee (63% to hit)
The blast of sand hits the killer bee.
The killer bee is moderately wounded.
The killer bee stings you! The killer bee misses you.
The killer bee stings you but does no damage.
You take 9 damage, and have 15/30 hp.
MASSIVE DAMAGE!!
You now have 6/8 mp.
Casting: Sandblast (safe; 3% risk of failure)
Confirm with . or Enter, or press ? or * to list all spells.
Aiming: Sandblast (safe; 3% risk of failure)
Press: ? - help, Shift-Dir - straight line, f/p - killer bee
Aim: a killer bee (moderately wounded, 63% to hit)
The blast of sand misses the killer bee.
The blast of sand hits the killer bee!
The killer bee is heavily wounded.
The killer bee stings you.
A killer bee comes into view.
The killer bee barely misses you. x2
You take 1 damage, and have 14/30 hp.
You now have 5/8 mp.
Casting: Sandblast (safe; 3% risk of failure)
Confirm with . or Enter, or press ? or * to list all spells.
Aiming: Sandblast (safe; 3% risk of failure)
Press: ? - help, Shift-Dir - straight line, f/p - killer bee
Aim: a killer bee (moderately wounded, 63% to hit)
The blast of sand hits the killer bee!
You kill the killer bee!
The killer bee buzzes angrily.
You hear an angry buzzing noise.
The killer bee barely misses you. x2
You have reached level 5!
You regained 2 hp, and now have 16/35 hp.
You now have 4/9 mp.
Casting: Sandblast (safe; 3% risk of failure)
Confirm with . or Enter, or press ? or * to list all spells.
Aiming: Sandblast (safe; 3% risk of failure)
Press: ? - help, Shift-Dir - straight line, f - killer bee
Aim: a killer bee (heavily wounded, 63% to hit)
The blast of sand hits the killer bee.
The killer bee is almost dead.
The killer bee misses you. The killer bee stings you.
You are poisoned.
The killer bee poisons you! The killer bee stings you!
* * * LOW HITPOINT WARNING * * *
You are lethally poisoned!
The killer bee poisons you!
You take 9 damage, and have 7/35 hp.
MASSIVE DAMAGE!!
You now have 3/9 mp.
It was a potion of curing.
You feel better. The killer bee closely misses you.
The killer bee barely misses you.
You regained 10 hp, and now have 17/35 hp.
Casting: Sandblast (safe; 3% risk of failure)
Confirm with . or Enter, or press ? or * to list all spells.
Aiming: Sandblast (safe; 3% risk of failure)
Press: ? - help, Shift-Dir - straight line, f/p - killer bee
Aim: a killer bee (almost dead, 63% to hit)
The blast of sand hits the killer bee but does no damage.
The killer bee is almost dead.
The killer bee stings you!
* * * LOW HITPOINT WARNING * * *
The killer bee stings you.
* * * LOW HITPOINT WARNING * * *
You are lethally poisoned!
The killer bee poisons you! The killer bee barely misses you.
You take 11 damage, and have 6/35 hp.
MASSIVE DAMAGE!!
You now have 3/9 mp.
Casting: Sandblast (safe; 3% risk of failure)
Confirm with . or Enter, or press ? or * to list all spells.
Aiming: Sandblast (safe; 3% risk of failure)
Press: ? - help, Shift-Dir - straight line, f/p - killer bee
Aim: a killer bee (almost dead, 63% to hit)
The blast of sand hits the killer bee.
You kill the killer bee!
* * * LOW HITPOINT WARNING * * *
You feel very sick.
A killer bee comes into view.
The killer bee stings you.
You die...

..#y .... ..yy.
.....# #.....
#...y..
#......#####
...........#####
#........#.y@..#
..##.....)####.##
......#.....##..##
#####
###.#..##..### #
#.##.......##...##
..#######<.......#
... ###..#.#.. ##.
.## #. #


You could see 2 killer bees.

Vanquished Creatures
  2 killer bees (D:4)
  Jessica (D:3)
  An adder (D:2)
  2 dart slugs (D:2)
  A ribbon worm (D:3)
  An orc (D:4)
  4 endoplasms
  5 giant cockroaches
  4 goblins
  A hobgoblin (D:2)
  5 jackals (D:1)
  3 kobolds (D:2)
  3 quokkas
  4 ball pythons
  6 bats
  2 frilled lizards (D:1)
  6 rats
51 creatures vanquished.

Notes
Turn   | Place    | Note
-------+----------+-------------------------------------------
     0 | D:1      | gimp the Barachi Earth Elementalist began the quest for the
                  | Orb.
     0 | D:1      | Reached XP level 1. HP: 13/13 MP: 3/3
   225 | D:1      | Reached XP level 2. HP: 19/19 MP: 0/5
   802 | D:2      | Reached XP level 3. HP: 24/24 MP: 3/6
  1544 | D:2      | Reached XP level 4. HP: 30/30 MP: 6/8
  1860 | D:3      | Found an opulent altar of Gozag.
  1951 | D:3      | Noticed Grinder
  1959 | D:3      | Learned a level 3 spell: Stone Arrow
  2230 | D:3      | Noticed Jessica
  2231 | D:3      | Killed Jessica
  2335 | D:3      | Found a runed translucent door.
  2336 | D:3      | Noticed Crazy Yiuf
  2732 | D:4      | Reached XP level 5. HP: 16/35 MP: 4/9
  2735 | D:4      | Slain by a killer bee

Illustrated notes

Levels and vault maps discovered:
D:1:      ncdulo_halloftheorcs, layout_rooms
D:2:      layout_basic, serial_curves, eino_curves_02, eino_curves_04,
          eino_curves_04, grunt_ministairs_9
D:3:      layout_loops_ring, lemuel_coloured_pillars_altar, uniq_jessica,
          uniq_crazy_yiuf_cottage, uniq_grinder
D:4:      layout_rooms, nicolae_qazlal_style_of_elements,
          lemuel_zombie_altar_yredelemnul, nemelex_diamond_rough_becter,
          mainiacjoe_overflow_paths

Skill      XL: |  1  2  3  4 |
---------------+-------------+-----
Conjurations   | 2 3 |  3.8
Spellcasting   | 3 |  3.2
Dodging        | |  2.1
Stealth        | |  1.7
Earth Magic    | |  3.7

Action                     |  1- 3 |  4- 6 || total
---------------------------+-------+-------++-------
  Melee: Dagger            |     8 |       ||     8
   Cast: Sandblast         |    64 |    18 ||    82
    Use: Potion            |       |     1 ||     1
 Armour: Robe              |    12 |    10 ||    22
  Dodge: Dodged            |    27 |    14 ||    41

Table legend: (Time is in decaauts)
 A = Elapsed time spent in this place.
 B = Non-inter-level travel time spent in this place.
 C = Inter-level travel time spent in this place.
 D = Time resting spent in this place.
 E = Time spent auto-exploring this place.
 F = Levels seen in this place.
 G = Mean time per level.
                   A        B        C        D        E       F      G
               +--------+--------+--------+--------+--------+-----+--------+
         Total |   3143 |   3040 |    103 |      0 |   2644 |   4 |  785.8 |
       Dungeon |   3143 |   3040 |    103 |      0 |   2644 |   4 |  785.8 |
               +--------+--------+--------+--------+--------+-----+--------+

Top non-repeatable levels by time:
     D:2: 1120 daAuts
     D:3: 1107 daAuts
     D:1: 858 daAuts
     D:4: 56 daAuts
